 Dungeon Crawl Stone Soup version 0.32-a0-306-gfed3edf (webtiles) character file.

Game seed: 5331842487665336239

273767 Mumonspawn the Brawler (level 20, -5/180 HPs)
             Began as a Ghoul Fighter on Feb 14, 2024.
             Was a High Priest of Yredelemnul.
             Slain by a +7 bardiche of holy wrath (22 damage)
             ... on level 2 of the Elven Halls.
             The game lasted 00:55:41 (34070 turns).

Mumonspawn the Brawler (Ghoul Fighter)             Turns: 34070, Time: 00:55:42

Health: -5/180     AC: 35    Str: 27    XL:     20   Next: 30%
Magic:  31/31      EV:  8    Int:  4    God:    Yredelemnul [*****.]
Gold:   2726       SH: 14    Dex:  8    Spells: 19/19 levels left

rFire   + .          .
                       - Unarmed
rCold   + + .        b - +2 kite shield {reflect}
rNeg    + + +        Y - +6 gold dragon scales
rPois   ∞            n - +2 helmet {SInv}
rElec   .            O - +0 cloak
rCorr   .            (no gloves)
SInv    +            p - +2 pair of boots of Autumn {Harm Will++ Regen+ Int-5}
Will    +++..        q - amulet of regeneration Stlth
                     m - +4 ring of slaying
HPRegen 0.00/turn    s - +4 ring of slaying
MPRegen 0.22/turn

%: harm (+30% outgoing, +20% incoming), reflection
@: about to teleport, inhibited regen, wreathed by umbra, studying 2 skills
A: claws 1, cold resistance 1, negative energy resistance 3, inhibited
regeneration, torment resistance 2, devour on kill
}: 2/15 runes: decaying, gossamer
a: Renounce Religion, Light the Black Torch, Recall Undead Harvest, Hurl
Torchlight, Bind Soul, Fathomless Shackles


You were on level 2 of the Elven Halls.
You worshipped Yredelemnul.
Yredelemnul was pleased with you.
You visited 7 branches of the dungeon, and saw 33 of its levels.
You also visited: Sewer, Ossuary and Bailey.

You collected 5002 gold pieces.
You spent 2276 gold pieces at shops.

Inventory:

Hand Weapons
 Z - the +11 scimitar of Terror {elec, rF+ Will+ Dex-5}
   (You found it on level 11 of the Dungeon)

   Dex-5:     It affects your dexterity (-5).
   rF+:       It protects you from fire.
   Will+:     It increases your willpower.
Missiles
 c - 13 curare-tipped darts (quivered) {!f}
 z - 4 throwing nets {!f}
Armour
 b - a +2 kite shield of reflection (worn)
 l - the +3 chain mail of the Buccaneer {rCorr}
   (You found it on level 2 of the Elven Halls)

   rCorr:     It protects you from acid and corrosion.
 n - a +2 helmet of see invisible (worn)
 p - the +2 pair of boots of Autumn (worn) {Harm Will++ Regen+ Int-5}
   (You found it on level 4 of the Spider Nest)

   Int-5:     It affects your intelligence (-5).
   Will++:    It greatly increases your willpower.
   Regen+:    It increases your rate of health regeneration.
   Harm:      It increases damage dealt and taken.
 r - the +1 helmet of Miem {+Blink rF- Regen+ SInv}
   (You found it on level 3 of the Swamp)

   rF-:       It makes you vulnerable to fire.
   SInv:      It lets you see invisible.
   +Blink:    It lets you blink.
   Regen+:    It increases your rate of health regeneration.
 u - a +0 tower shield
 E - a +2 pair of boots of rampaging
 O - a +0 cloak (worn)
 Y - +6 gold dragon scales (worn)
Jewellery
 m - a +4 ring of slaying (left claw)
 q - an amulet of regeneration (around neck)
 s - a +4 ring of slaying (right claw)
 A - a ring of flight
Wands
 d - a wand of mindburst (21)
 e - a wand of paralysis (15)
 f - a wand of flame (18)
 g - a wand of iceblast (12)
 D - a wand of digging (12)
 G - a wand of polymorph (15)
 H - a wand of light (13)
Scrolls
 a - 2 scrolls of enchant armour
 i - 7 scrolls of poison
 v - 5 scrolls of vulnerability
 x - 6 scrolls of revelation {!r}
 y - 10 scrolls of fog {!r}
 B - 2 scrolls of silence {!r}
 I - 3 scrolls of torment
 R - 9 scrolls of fear {!r}
 S - 5 scrolls of immolation
 T - 21 scrolls of teleportation {!r}
 W - 5 scrolls of blinking
 X - 4 scrolls of butterflies
Potions
 h - 6 potions of haste {!q}
 j - 7 potions of invisibility {!q}
 k - 5 potions of cancellation {!q}
 o - 5 potions of enlightenment {unknown}
 w - 3 potions of magic {!q}
 J - 9 potions of berserk rage {!q}
 K - 3 potions of might {!q}
 L - 7 potions of brilliance {!q}
 M - 4 potions of resistance {!q}
 N - 13 potions of ambrosia {!q}
 P - 7 potions of heal wounds {!q}
 Q - 14 potions of curing {!q}
 U - 4 potions of attraction {unknown}
Miscellaneous
 t - a sack of spiders
 C - a phial of floods (inert)
 F - a tin of tremorstones (1/2)
 V - a lightning rod (4/4)


   Skills:
 + Level 15.9 Fighting
 - Level 2.0 Throwing
 + Level 15.6 Armour
 - Level 11.0 Dodging
 - Level 15.0 Shields
 - Level 18.0 Unarmed Combat
 - Level 15.0 Invocations
 + Level 9.3 Evocations


You had 19 spell levels left.
You didn't know any spells.
Your spell library contained the following spells:

 Spells                   Type           Power      Damage    Failure   Level
 Apportation              Tloc           0%         N/A       100%        1
 Freeze                   Ice            0%         1d3       100%        1
 Magic Dart               Conj           0%         1d3       100%        1
 Necrotise                Necr           0%         1d4       100%        1
 Shock                    Conj/Air       0%         1d3       100%        1
 Sting                    Conj/Alch      0%         1d3       100%        1
 Summon Small Mammal      Summ           0%         N/A       100%        1
 Blink                    Tloc           0%         N/A       100%        2
 Call Imp                 Summ           0%         N/A       100%        2
 Ensorcelled Hibernation  Hex/Ice        0%         N/A       100%        2
 Lesser Beckoning         Tloc           0%         N/A       100%        2
 Static Discharge         Conj/Air       0%         3-3/arc   100%        2
 Dazzling Flash           Conj/Hex       0%         N/A       100%        3
 Frozen Ramparts          Ice            0%         1d1       100%        3
 Fugue of the Fallen      Necr           0%         N/A       100%        3
 Gell's Gravitas          Tloc           0%         N/A       100%        3
 Hailstorm                Conj/Ice       0%         3d5       100%        3
 Mephitic Cloud           Conj/Alch/Air  0%         N/A       100%        3
 Ozocubu's Armour         Ice            0%         N/A       100%        3
 Passwall                 Erth           0%         N/A       100%        3
 Swiftness                Air            0%         N/A       100%        3
 Teleport Other           Tloc           0%         N/A       100%        3
 Volatile Blastmotes      Fire/Tloc      0%         2d10      100%        3
 Airstrike                Air            0%         2d(0-16)  100%        4
 Flame Wave               Conj/Fire      0%         2d4       100%        4
 Leda's Liquefaction      Alch/Erth      0%         N/A       100%        4
 Manifold Assault         Tloc           0%         N/A       100%        4
 Petrify                  Alch/Erth      0%         N/A       100%        4
 Summon Blazeheart Golem  Fire/Summ      0%         N/A       100%        4
 Summon Lightning Spire   Summ/Air       0%         N/A       100%        4
 Curse of Agony           Necr           0%         N/A       100%        5
 Irradiate                Conj/Alch      0%         3d11      100%        5
 Metabolic Englaciation   Hex/Ice        0%         N/A       100%        5
 Silence                  Hex/Air        0%         N/A       100%        5
 Summon Forest            Summ/Tloc      0%         N/A       100%        5
 Dispersal                Tloc           0%         N/A       100%        6
 Eringya's Noxious Bog    Alch           0%         4d6       100%        6
 Sculpt Simulacrum        Ice/Alch       0%         N/A       100%        6
 Starburst                Conj/Fire      0%         6d3       100%        6
 Orb of Destruction       Conj           0%         9d5       100%        7
 Ozocubu's Refrigeration  Ice            0%         4d7       100%        7
 Spellforged Servitor     Conj/Summ      0%         N/A       100%        7
 Summon Hydra             Summ           0%         N/A       100%        7
 Disjunction              Tloc           0%         N/A       100%        8
 Maxwell's Capacitive Co  Air            0%         ∞         100%        8
 Polar Vortex             Ice            0%         N/A       100%        9
 Sublimation of Blood     Necr           Unusable   N/A       N/A         2

Dungeon Overview and Level Annotations

Branches:
Dungeon (15/15)            Temple (1/1) D:5            Lair (5/5) D:8
  Swamp (4/4) Lair:3       Spider (4/4) Lair:3        Slime (0/5) Lair:5
    Orc (2/2) D:9             Elf (2/3) Orc:2        Vaults (0/5) D:13
 Depths (0/4) D:15          Sewer (visited)         Ossuary (visited)
 Bailey (visited)

Altars:
Ashenzari
Cheibriados
Dithmenos
Fedhas
Gozag
Hepliaklqana
Kikubaaqudgha
Makhleb
Nemelex Xobeh
Okawaru
Qazlal
Ru
Sif Muna
Trog
Uskayaw
Vehumet
Wu Jian
Xom
Yredelemnul

Shops:
D:2 (***?   D:8 *   Orc:2 (=((

Portals:
Trove: D:12 (give 4 scrolls of blinking)

Annotations:
D:4 1 exclusion
D:7 5 exclusions
D:11 3 runed translucent doors, gb0801's ghost, journeyman DrSh


Innate Abilities, Weirdness & Mutations

You are immune to poison.
You have sharp fingernails.
Your flesh is cold resistant. (rC+)
You are immune to negative energy. (rN+++)
You do not regenerate when monsters are visible.
You are immune to unholy pain and torment.
You thrive by killing the living.


Message History

The burst of rock shards engulfs your deep elf pyromancer zombie!! x2
You destroy your deep elf pyromancer zombie!
The burst of rock shards engulfs your deep elf knight zombie!!
You destroy your deep elf knight zombie!
The burst of rock shards engulfs the +5 halberd of freezing!!
The +5 halberd of freezing falls from the air.
The burst of rock shards engulfs the deep elf knight!!
You kill the deep elf knight!
Their soul becomes fuel for the torch.
You feel better.
The burst of rock shards engulfs you but does no damage.
The dead are walking!
Unknown command.
A deep elf blademaster comes into view.
It is wielding two +2 short swords of speed.
Unknown command.
A +3 war axe of flaming comes into view.
Arachne casts a spell at the +7 bardiche of holy wrath.
The stream of webbing hits the +7 bardiche of holy wrath but does no damage.
The +7 bardiche of holy wrath is caught in a web!
Your deep elf knight zombie hits the +7 bardiche of holy wrath but does no damage.
A +2 scimitar of holy wrath comes into view.
The +7 bardiche of holy wrath tears the web.
As you read the scroll of teleportation {!r}, it crumbles to dust.
You feel strangely unstable.
A deep elf pyromancer comes into view. It is wielding a +0 long sword.
Your deep elf knight zombie hits the +7 bardiche of holy wrath but does no damage.
The +7 bardiche of holy wrath hits your deep elf knight zombie!!
Your deep elf knight zombie convulses.
Arachne stares at the +7 bardiche of holy wrath and mumbles some strange words.
The stream of webbing hits the +7 bardiche of holy wrath but does no damage.
The +7 bardiche of holy wrath is caught in a web!
The +7 bardiche of holy wrath tears the web.
Your deep elf knight zombie hits the +7 bardiche of holy wrath!
Arachne mumbles some strange words.
Arachne blinks!
The +7 bardiche of holy wrath hits you from afar!!
* * * LOW HITPOINT WARNING * * *
You convulse!!
You die...
You join the legions of the undead harvest.

#....................
##....................
##..........###........
#.Z........# ##.......
#...~......# #.......
#...~~~~...## ##.......
#..~~~~(...###).......
##..~))Z..............
#...@)...............
#..§.................
#.....................
#........e.............
#.....(...(............
#......................
##.....e...............
##.............
#.............


You could see a deep elf blademaster, a deep elf pyromancer, 3 dancing weapons,
the friendly Arachne the bound soul and a friendly deep elf knight zombie.

Vanquished Creatures
  Gastronok (Lair:1)
  Kirke (D:13)
  Donald (Spider:4)
  A fire giant (D:14)
  2 deep elf sorcerers
  4 emperor scorpions
  A ghost moth (Spider:4)
  The ghost of Fofotoxkust the Reanimator, a journeyman AtNe of Okawaru (D:14)
  3 eleionomae
  A deep elf demonologist (Elf:1)
  4 bunyips
  2 shambling mangroves (Swamp:4)
  2 ettins
  A quicksilver dragon zombie (D:15)
  2 fire dragons (D:15)
  Josephine (Lair:4)
  An ice dragon (Lair:5)
  2 entropy weavers (Spider:1)
  13 hydras
  2 centaur warriors
  A sphinx zombie (D:15)
  A ghost crab (Swamp:1)
  3 jorogumos
  8 alligators
  2 radroaches
  2 catoblepae
  7 two-headed ogres
  17 dancing weapons
  4 death yaks
  7 boulder beetles
  2 tengu warriors
  A death scarab (Spider:4)
  A hell hog (Lair:5)
  2 orc high priests (Orc:2)
  Urug (D:11)
  5 demonic crawlers
  A spriggan berserker (Swamp:4)
  9 deep elf knights
  A skyshark (Lair:4)
  4 goliath frogs
  7 spriggan riders
  A deep troll (D:13)
  9 pharaoh ants
  2 skeletal warriors (D:15)
  A storm dragon skeleton (D:15)
  4 spriggan druids
  3 orb spiders
  A spectral hydra (Swamp:4)
  2 sun moths
  10 swamp dragons
  An arcanist (D:13)
  6 deep elf archers
  2 flayed ghosts
  9 bog bodies
  7 orc knights
  4 steelbarb worms
  A lindwurm (Lair:5)
  14 deep elf pyromancers
  7 orc sorcerers
  13 deep elf zephyrmancers
  A necromancer (D:13)
  9 ugly things
  3 manticores
  3 cyclopes
  19 wolf spiders
  A meliai (shapeshifter) (Spider:4)
  6 kobold blastminers
  4 elephants (Lair:4)
  9 meliai
  3 black mambas
  2 will-o-the-wisps (Swamp:3)
  A water nymph (shapeshifter) (D:14)
  2 gargoyles
  13 cane toads
  3 unseen horrors
  Jeremiah (D:7)
  9 torpor snails
  7 komodo dragons
  2 rime drakes
  An orb spider zombie (Spider:4)
  2 tengu conjurers
  A merfolk (shapeshifter) (Elf:1)
  9 polar bears
  Grinder (Sewer)
  A wolf spider simulacrum (D:15)
  3 trolls
  A culicivora zombie (Spider:4)
  9 hornets
  7 raiju (Lair:5)
  9 tyrant leeches
  3 dream sheep (Lair:5)
  10 tarantellas
  4 blink frogs
  A spectral komodo dragon (Lair:5)
  2 air elementals
  18 slime creatures
  4 spriggans
  35 jumping spiders
  2 vampires
  A centaur simulacrum (D:14)
  37 yaks
  3 shadows
  4 wraiths
  13 wyverns
  A hog (D:13)
  17 culicivoras
  30 redbacks
  5 wargs
  A water elemental (Elf:1)
  4 fire elementals
  2 steam dragons
  17 vampire mosquitoes
  6 basilisks
  Menkaure (D:6)
  14 swamp worms
  13 water moccasins
  7 swamp drakes
  7 hell hounds
  2 ice beasts
  12 orc warriors
  A laughing skull (D:11)
  5 ogres
  9 black bears
  23 wolves
  9 centaurs
  3 elf zombies
  13 bullfrogs
  2 kobold brigands
  2 gnoll sergeants
  A scorpion (D:4)
  2 earth elementals (Elf:2)
  A spriggan zombie (Swamp:4)
  22 killer bees
  3 electric eels (Lair:4)
  3 howler monkeys
  A troll skeleton (Swamp:1)
  A hound (D:6)
  A human zombie (Ossuary)
  2 quasits (Sewer)
  2 bombardier beetles
  9 orc priests
  8 jellies
  A sleepcap (D:5)
  4 iguanas
  2 scorpion zombies (D:15)
  20 orc wizards
  5 hell rats (Lair:4)
  A killer bee zombie (Spider:4)
  A hound zombie (Ossuary)
  4 mummies (Ossuary)
  Robin (D:2)
  8 adders
  6 gnolls
  A shadow imp (Sewer)
  A white imp (D:6)
  2 ufetubi
  An adder zombie (Sewer)
  6 dart slugs
  2 ribbon worms (D:2)
  48 orcs
  10 bats
  8 endoplasms
  7 giant cockroaches
  2 gnoll zombies (D:11)
  26 goblins
  8 hobgoblins
  5 jackals
  7 quokkas
  6 ball pythons
  5 frilled lizards
  25 kobolds
  2 orc zombies
  3 rats
  2 spectral weapons
1000 creatures vanquished.

Vanquished Creatures (collateral kills)
  2 emperor scorpions (Spider:4)
  Louise (Spider:1)
  A quicksilver ooze (Lair:4)
  A deep elf death mage (Elf:1)
  A stone giant (D:13)
  A spark wasp (Spider:4)
  An eleionoma (Swamp:1)
  Azrael (Elf:1)
  The ghost of Fuugimn the Mimic, a journeyman DsSh of Uskayaw (D:13)
  A shambling mangrove (Swamp:2)
  An entropy weaver (shapeshifter) (D:14)
  An entropy weaver (Spider:4)
  A catoblepas (D:10)
  7 hydras
  2 alligators
  A centaur warrior (D:14)
  A ghost crab (Swamp:3)
  A boulder beetle (D:12)
  3 dancing weapons
  A radroach (Spider:4)
  A demonic crawler (Spider:4)
  An orc high priest (Orc:2)
  A two-headed ogre (D:11)
  2 death yaks (Lair:1)
  3 deep elf knights
  4 pharaoh ants
  A fire crab (shapeshifter) (D:15)
  A goliath frog (Swamp:2)
  2 swamp dragons (Swamp:4)
  11 orb spiders
  3 sun moths (Spider:4)
  A bog body (Swamp:2)
  An arcanist (D:13)
  3 steelbarb worms
  A necromancer (D:15)
  2 orc knights (Orc:2)
  2 ugly things (D:15)
  11 deep elf pyromancers
  A lindwurm (Lair:5)
  3 deep elf archers (Elf:1)
  8 deep elf zephyrmancers
  An orc sorcerer (Orc:2)
  11 wolf spiders
  A manticore (D:10)
  A kobold blastminer (Orc:1)
  2 moths of wrath (Spider:4)
  2 meliai
  A black mamba (Lair:2)
  A torpor snail (Spider:4)
  3 cane toads
  An unseen horror (D:12)
  3 rime drakes
  A freezing wraith (D:14)
  A gargoyle (D:12)
  A kobold demonologist (D:12)
  4 komodo dragons
  A queen bee (Spider:4)
  5 trolls
  3 polar bears (Lair:5)
  7 tarantellas
  9 hornets
  6 tyrant leeches
  2 blink frogs
  2 raiju (Lair:5)
  A dream sheep (Lair:5)
  3 slime creatures
  19 jumping spiders
  2 wyverns (Lair:3)
  An air elemental (Elf:1)
  A fire elemental (Elf:1)
  4 wraiths
  9 culicivoras
  6 basilisks
  4 spriggans
  The ghost of Tanach the Chopper, an amateur MDFi (D:3)
  9 yaks
  A hog (D:13)
  2 wargs
  3 vampire mosquitoes
  19 redbacks
  4 hell hounds
  An acid dragon (D:11)
  8 water moccasins
  2 swamp worms
  A swamp drake (Swamp:3)
  3 black bears (Lair:5)
  4 ice beasts (D:8)
  6 orc warriors
  7 wolves
  A centaur (D:9)
  4 ogres
  An elf zombie (Ossuary)
  2 bullfrogs
  8 killer bees
  A howler monkey (D:8)
  2 jellies (Lair:5)
  2 orc priests
  2 hell rats (Lair:4)
  7 orc wizards
  A hound zombie (D:15)
  A gnoll (D:11)
  An adder (D:3)
  An ufetubus (D:6)
  28 orcs
  A gnoll zombie (Ossuary)
  A frilled lizard (D:3)
  2 goblin zombies (Ossuary)
  3 hobgoblin zombies (Ossuary)
  A jackal zombie (Ossuary)
  3 kobolds (D:9)
  A rat zombie (Ossuary)
  2 butterflies (Lair:4)
359 creatures vanquished.

Vanquished Creatures (others)
  A spectral sphinx (D:14)
  A death yak (D:13)
  A spectral jorogumo (Spider:4)
  A bog body (Swamp:1)
  4 wolf spider zombies (Spider:4)
  An ugly thing zombie (D:15)
  An alligator zombie (Swamp:4)
  A goliath frog zombie (Swamp:4)
  A jorogumo zombie (Spider:4)
  A hell hog zombie (Lair:5)
  A meliai (Spider:3)
  A spectral human (Orc:2)
  2 swamp worm zombies (Swamp:1)
  An unseen horror zombie (D:11)
  6 redback zombies
  2 steelbarb worm zombies
  A death yak zombie (D:13)
  3 hydra zombies
  A spectral entropy weaver (Spider:3)
  4 bloated husks (Swamp:1)
  A tyrant leech (Swamp:3)
  A moth of wrath zombie (Spider:4)
  A fire dragon zombie (D:15)
  5 culicivora zombies
  A boulder beetle zombie (D:14)
  7 jumping spider zombies
  2 meliai zombies (Spider:4)
  A tarantella zombie (Spider:4)
  3 slime creature zombies
  3 humans (D:13)
  A spriggan zombie (Swamp:1)
  A spectral torpor snail (Spider:3)
  A two-headed ogre zombie (D:11)
  A hell hound (Elf:1)
  3 cane toad zombies
  2 human zombies
  2 tengu zombies
  2 hornet zombies
  2 dream sheep zombies (Lair:5)
  A swamp dragon zombie (Swamp:4)
  A hog zombie (D:13)
  16 elf zombies
  2 torpor snail zombies (Lair:5)
  3 kobold zombies (Orc:2)
  2 hell hound zombies (Lair:5)
  3 wyvern zombies
  2 warg zombies
  8 water moccasin zombies
  3 raiju zombies (Lair:5)
  A yak zombie (Lair:2)
  A polar bear zombie (Lair:3)
  A troll zombie (D:12)
  8 wolf zombies
  4 bullfrog zombies
  4 black bear zombies (Lair:5)
  A basilisk zombie (Lair:5)
  4 centaur zombies
  2 orc wizards
  6 killer bee zombies
  2 ogre zombies (Orc:2)
  5 hell rat zombies (Lair:4)
  A howler monkey zombie (D:7)
  4 jelly zombies (Lair:5)
  A gnoll zombie (D:11)
  A jackal zombie (D:9)
  25 orc zombies
  A spectral orc (Orc:2)
  2 foxfires (Swamp:3)
190 creatures vanquished.

Grand Total: 1549 creatures vanquished

Notes
Turn   | Place    | Note
-------+----------+-------------------------------------------
     0 | D:1      | Mumonspawn the Ghoul Fighter began the quest for the Orb.
     0 | D:1      | Reached XP level 1. HP: 19/19 MP: 1/1
    19 | D:1      | Reached XP level 2. HP: 16/26 MP: 2/2
   122 | D:1      | Reached skill level 3 in Unarmed Combat
   460 | D:1      | Reached XP level 3. HP: 33/33 MP: 3/3
   702 | D:2      | Found Oblosaaj's Assorted Antiques.
   708 | D:2      | Found Doeqoaju's Magic Scroll Boutique.
   853 | D:2      | Reached XP level 4. HP: 40/40 MP: 4/4
   856 | D:2      | Reached skill level 4 in Unarmed Combat
   914 | D:2      | Found Qoqin's General Store.
   948 | D:2      | Found Semyk's General Store.
   977 | D:2      | Noticed Robin
   988 | D:2      | Killed Robin
  1026 | D:2      | Reached XP level 5. HP: 15/47 MP: 5/5
  1203 | D:2      | Found a faded altar of an unknown god.
  1285 | D:2      | Reached skill level 5 in Unarmed Combat
  1332 | D:2      | Found Zeenirro's Weapon Boutique.
  1903 | D:3      | Reached XP level 6. HP: 49/55 MP: 6/6
  1926 | D:3      | Reached skill level 5 in Fighting
  2070 | D:3      | Reached skill level 6 in Unarmed Combat
  2110 | D:3      | Found a hazy altar of Hepliaklqana.
  2140 | D:3      | Noticed Tanach's ghost (amateur MDFi)
  2147 | D:3      | Found a shimmering altar of Xom.
  2151 | D:3      | Found a runed translucent gate.
  2151 | D:3      | Found a runed translucent gate.
  2151 | D:3      | Found a runed translucent gate.
  2469 | D:4      | Reached XP level 7. HP: 31/61 MP: 7/7
  2524 | D:4      | Found a glowing drain.
  2589 | Sewer    | Entered a sewer
  2710 | Sewer    | Found a burning altar of Makhleb.
  2718 | Sewer    | Reached skill level 7 in Unarmed Combat
  2733 | Sewer    | Noticed Grinder
  2739 | Sewer    | Paralysed by Grinder for 4 turns
  2750 | Sewer    | Paralysed by Grinder for 4 turns
  2757 | Sewer    | Killed Grinder
  2860 | Sewer    | Reached skill level 8 in Unarmed Combat
  2906 | Sewer    | Reached XP level 8. HP: 70/71 MP: 8/8
  3270 | D:5      | Entered Level 5 of the Dungeon
  3279 | D:5      | Reached skill level 1 in Evocations
  3316 | D:5      | Identified the +9 plate armour of the Sturgeon {*Corrode
                  | rN+ Dex+4}
  3644 | D:5      | Found a staircase to the Ecumenical Temple.
  3653 | Temple   | Entered the Ecumenical Temple
  3657 | Temple   | Became a worshipper of Yredelemnul the Fallen
  3825 | D:5      | Found a sparkling altar of Nemelex Xobeh.
  3835 | D:5      | Identified the +5 ring mail of Past Mistakes {Will- Str+5}
  4188 | D:3      | Killed Tanach's ghost
  4189 | D:3      | Reached skill level 9 in Unarmed Combat
  4703 | D:6      | Noticed Menkaure
  4709 | D:6      | Killed Menkaure
  4710 | D:6      | Reached XP level 9. HP: 79/79 MP: 9/9
  4794 | D:6      | Reached skill level 10 in Unarmed Combat
  4830 | D:6      | Reached * piety under Yredelemnul
  5241 | D:7      | Noticed Jeremiah
  5254 | D:7      | Killed Jeremiah
  5289 | D:7      | Identified a scroll of acquirement
  5377 | D:7      | Reached skill level 11 in Unarmed Combat
  5405 | D:7      | Found a sand-covered staircase.
  5414 | Ossuary  | Entered an ossuary
  5598 | D:7      | Found a flagged portal.
  5608 | Bailey   | Entered a bailey
  5645 | Bailey   | Found a large runed translucent door.
  5645 | Bailey   | Found a large runed translucent door.
  5647 | Bailey   | Noticed a deep elf pyromancer
  5663 | Bailey   | Reached skill level 12 in Unarmed Combat
  5663 | Bailey   | Noticed an orc knight
  5673 | Bailey   | Reached XP level 10. HP: 71/91 MP: 10/10
  5719 | Bailey   | Killed an orc knight
  5967 | Bailey   | Killed a deep elf pyromancer
  6209 | D:7      | Reached skill level 13 in Unarmed Combat
  6715 | D:7      | Found an opulent altar of Gozag.
  7016 | D:8      | Reached skill level 10 in Fighting
  7023 | D:8      | Reached ** piety under Yredelemnul
  7030 | D:8      | Found a staircase to the Lair.
  7058 | D:8      | Identified the +9 chain mail of the Transparent God {rPois
                  | rF+ Will- Slay+3}
  7085 | D:8      | Reached skill level 14 in Unarmed Combat
  7407 | D:8      | Found a broken altar of Ashenzari.
  7509 | D:8      | Reached XP level 11. HP: 101/101 MP: 11/11
  7531 | D:8      | Found Atacistybe's Mayhem Merchandise.
  7683 | D:9      | Noticed Maurice
  7686 | D:9      | Maurice changed into Maurice the jackal
  7686 | D:9      | Noticed Maurice
  7690 | D:9      | Killed Maurice the jackal
  7701 | D:9      | Found a burning altar of Makhleb.
  7701 | D:9      | Found a snail-covered altar of Cheibriados.
  7758 | D:9      | Your ally Maurice died
  7954 | D:9      | Found a sacrificial altar of Ru.
  8024 | D:9      | Found a staircase to the Orcish Mines.
  8110 | D:9      | Reached skill level 1 in Invocations
  8274 | D:9      | Found an iron altar of Okawaru.
  8277 | D:9      | Found a bloodstained altar of Trog.
  8328 | D:10     | Entered Level 10 of the Dungeon
  8422 | D:10     | Noticed a manticore
  8424 | D:10     | Noticed a catoblepas
  8426 | D:10     | Killed a manticore
  8427 | D:10     | Reached skill level 15 in Unarmed Combat
  8433 | D:10     | Killed a catoblepas
  8974 | D:10     | Noticed a two-headed ogre
  8982 | D:10     | Killed a two-headed ogre
  9269 | D:10     | Reached *** piety under Yredelemnul
  9478 | D:11     | Noticed a two-headed ogre
  9492 | D:11     | Killed a two-headed ogre
  9677 | D:11     | Noticed a cyclops
  9678 | D:11     | Noticed a centaur warrior
  9685 | D:11     | Killed a cyclops
  9688 | D:11     | Reached skill level 16 in Unarmed Combat
  9688 | D:11     | Reached XP level 12. HP: 57/112 MP: 15/15
  9692 | D:11     | Killed a centaur warrior
  9816 | D:11     | Found a runed translucent gate.
  9816 | D:11     | Found a runed translucent gate.
  9817 | D:11     | Found a runed translucent gate.
  9819 | D:11     | Noticed gb0801's ghost (journeyman DrSh)
 10063 | D:11     | Noticed Urug
 10077 | D:11     | Killed Urug
 10077 | D:11     | Reached **** piety under Yredelemnul
 10078 | D:11     | Reached skill level 5 in Invocations
 10439 | D:11     | Noticed a five-headed hydra
 10450 | D:11     | Killed a five-headed hydra
 10486 | D:11     | Identified the +11 scimitar of Terror {elec, rF+ Will+
                  | Dex-5}
 10731 | Lair:1   | Entered Level 1 of the Lair of Beasts
 10766 | Lair:1   | Noticed Gastronok
 10776 | Lair:1   | Killed Gastronok
 10927 | Lair:1   | Noticed a death yak
 10937 | Lair:1   | Killed a death yak
 10941 | Lair:1   | Noticed a death yak
 10941 | Lair:1   | Noticed a death yak
 10944 | Lair:1   | Noticed a death yak
 10955 | Lair:1   | Killed a death yak
 10958 | Lair:1   | Killed a death yak
 10961 | Lair:1   | Killed a death yak
 11074 | Lair:1   | Reached skill level 5 in Armour
 11160 | Lair:1   | Reached skill level 5 in Shields
 11839 | Lair:2   | Reached XP level 13. HP: 86/118 MP: 17/17
 12091 | Lair:2   | Reached ***** piety under Yredelemnul
 12115 | Lair:2   | Identified the +5 hand axe of Articulation {freeze,
                  | ^Fragile rF+ Will+ Stlth+}
 12277 | Lair:2   | Reached skill level 1 in Throwing
 12812 | Lair:3   | Found a hole to the Spider Nest.
 12865 | Lair:3   | Noticed Sonja
 12866 | Lair:3   | Sonja changed into Sonja the bullfrog
 12866 | Lair:3   | Noticed Sonja
 12876 | Lair:3   | Killed Sonja the bullfrog
 13440 | Lair:3   | Reached skill level 10 in Armour
 13559 | Lair:3   | Identified the +2 swamp dragon scales of Uqolloih {+Blink
                  | rPois rCorr Str+3}
 13803 | Lair:3   | Reached XP level 14. HP: 114/126 MP: 20/20
 13839 | Lair:3   | Reached ****** piety under Yredelemnul
 14241 | Lair:3   | Found a staircase to the Swamp.
 14241 | Lair:3   | Noticed an eleionoma
 14250 | Lair:3   | Killed an eleionoma
 14395 | Lair:4   | Noticed Josephine
 14412 | Lair:4   | Killed Josephine
 15202 | Lair:4   | Reached skill level 10 in Invocations
 15330 | Lair:4   | Noticed a quicksilver ooze
 15340 | Lair:4   | Killed a quicksilver ooze
 15966 | Lair:5   | Entered Level 5 of the Lair of Beasts
 16057 | Lair:5   | Found a staircase to the Slime Pits.
 16715 | Lair:5   | Reached XP level 15. HP: 134/134 MP: 24/24
 18117 | D:2      | Bought a scroll of fear for 104 gold pieces
 18117 | D:2      | Bought a grey potion for 23 gold pieces
 18117 | D:2      | Bought a pitted cloak for 247 gold pieces
 18117 | D:2      | Identified the +0 cloak "Ynkistra" {Harm rPois rN+} (You
                  | bought it in a shop on level 2 of the Dungeon)
 18124 | D:2      | Bought a scroll of torment for 104 gold pieces
 18147 | D:2      | Bought a scroll of amnesia for 48 gold pieces
 18976 | D:12     | Found a portal to a secret trove of treasure.
 19171 | D:13     | Noticed Kirke
 19185 | D:13     | Killed Kirke
 19186 | D:13     | Reached skill level 17 in Unarmed Combat
 19406 | D:13     | Found a runed translucent door.
 19406 | D:13     | Found a shimmering altar of Xom.
 19406 | D:13     | Noticed Fuugimn's ghost (journeyman DsSh)
 19438 | D:13     | Killed Fuugimn's ghost
 20205 | D:13     | Found a gate to the Vaults.
 20562 | D:13     | Found a runed translucent door.
 20746 | D:13     | Noticed a sphinx
 20755 | D:13     | Killed a sphinx
 20755 | D:13     | Bound a sphinx
 21206 | D:14     | Reached XP level 16. HP: 125/144 MP: 25/25
 21230 | D:14     | Found an opulent altar of Gozag.
 21368 | D:14     | Found a transporter.
 21371 | D:14     | Noticed Fofotoxkust's ghost (journeyman AtNe)
 21568 | D:14     | Found a transporter.
 21933 | D:14     | Killed Fofotoxkust's ghost
 21986 | D:15     | Entered Level 15 of the Dungeon
 22061 | D:15     | Found a staircase to the Depths.
 22701 | D:15     | Found an ancient bone altar of Kikubaaqudgha.
 23328 | Orc:1    | Entered Level 1 of the Orcish Mines
 23456 | Orc:2    | Entered Level 2 of the Orcish Mines
 24013 | Orc:2    | Found a staircase to the Elven Halls.
 24093 | Orc:2    | Found Ruthrir's Weapon Boutique.
 24131 | Orc:2    | Reached skill level 18 in Unarmed Combat
 24258 | Orc:2    | Found Giploop's Antique Weapon Shoppe.
 24264 | Orc:2    | Found Rosih's Jewellery Shoppe.
 24266 | Orc:2    | Found Lihelyli's Weapon Boutique.
 24347 | Orc:1    | Paralysed by an orc sorcerer for 3 turns
 24906 | D:2      | Bought a scroll of acquirement for 676 gold pieces
 24906 | D:2      | Bought a scroll of teleportation for 39 gold pieces
 24906 | D:2      | Bought 3 scrolls of fog for 156 gold pieces
 24930 | D:2      | Bought a scroll of blinking for 90 gold pieces
 24930 | D:2      | Bought a scroll of identify for 24 gold pieces
 24930 | D:2      | Bought a scroll of poison for 48 gold pieces
 24932 | D:2      | Acquired a manual of Dodging
 24936 | D:2      | Acquired 821 gold pieces
 24937 | D:2      | Acquired a +2 helmet of see invisible
 24985 | D:2      | Bought a throwing net for 30 gold pieces
 25034 | D:2      | Bought a scroll of identify for 22 gold pieces
 25034 | D:2      | Bought a scroll of teleportation for 33 gold pieces
 25034 | D:2      | Bought a scroll of fog for 44 gold pieces
 25034 | D:2      | Bought a scroll of teleportation for 33 gold pieces
 25034 | D:2      | Bought a scroll of vulnerability for 44 gold pieces
 25178 | D:8      | Bought a wand of iceblast (2) for 76 gold pieces
 25245 | Swamp:1  | Entered Level 1 of the Swamp
 25280 | Swamp:1  | Reached XP level 17. HP: 98/154 MP: 27/27
 25293 | Swamp:1  | Reached skill level 1 in Dodging
 26632 | Swamp:3  | Reached skill level 15 in Fighting
 26800 | Swamp:3  | Identified the +1 helmet of Miem {+Blink rF- Regen+ SInv}
 27301 | Swamp:4  | Entered Level 4 of the Swamp
 27313 | Swamp:4  | Reached skill level 5 in Dodging
 27337 | Swamp:4  | Reached skill level 10 in Shields
 27430 | Swamp:4  | Reached skill level 15 in Invocations
 27430 | Swamp:4  | Reached skill level 5 in Evocations
 27451 | Swamp:4  | Reached XP level 18. HP: 161/163 MP: 21/29
 27599 | Swamp:4  | Got a decaying rune of Zot
 28024 | Spider:1 | Entered Level 1 of the Spider Nest
 28041 | Spider:1 | Noticed Louise
 28049 | Spider:1 | Killed Louise
 28596 | Spider:1 | Your ally Louise died
 29117 | Spider:2 | Reached skill level 15 in Armour
 30415 | Spider:4 | Entered Level 4 of the Spider Nest
 30778 | Spider:4 | Identified the granite talisman of Ugia {Fly MP+9 Int-4
                  | Stlth+}
 30862 | Spider:4 | Identified the +6 chain mail of the Vestibule of Hell
                  | {rPois Will+ rCorr Str-4}
 30892 | Spider:4 | Reached XP level 19. HP: 150/170 MP: 30/30
 31119 | Spider:4 | Noticed Donald
 31130 | Spider:4 | Reached skill level 10 in Dodging
 31130 | Spider:4 | Killed Donald
 31430 | Spider:4 | Noticed Arachne
 31442 | Spider:4 | Killed Arachne
 31442 | Spider:4 | Bound Arachne
 31584 | Spider:4 | Identified the +2 pair of boots of Autumn {Harm Will++
                  | Regen+ Int-5}
 31609 | Spider:4 | Got a gossamer rune of Zot
 32295 | Elf:1    | Entered Level 1 of the Elven Halls
 32325 | Elf:1    | Found a shimmering blue altar of Sif Muna.
 32405 | Elf:1    | Reached skill level 15 in Shields
 32464 | Elf:1    | Got the Quarto of the Shot
 32522 | Elf:1    | Paralysed by an air elemental for 1 turns
 32527 | Elf:1    | Paralysed by an air elemental for 1 turns
 32774 | Elf:1    | Found Tubaoxor's Magic Scroll Emporium.
 32781 | Elf:1    | Noticed Azrael
 32790 | Elf:1    | Killed Azrael
 32860 | Elf:1    | Bought a scroll of enchant armour for 97 gold pieces
 32860 | Elf:1    | Bought a scroll of fear for 52 gold pieces
 32860 | Elf:1    | Bought a scroll of identify for 26 gold pieces
 32860 | Elf:1    | Bought a scroll of teleportation for 39 gold pieces
 32860 | Elf:1    | Bought a scroll of immolation for 52 gold pieces
 32860 | Elf:1    | Bought a scroll of poison for 52 gold pieces
 32860 | Elf:1    | Bought a scroll of teleportation for 39 gold pieces
 32860 | Elf:1    | Bought a scroll of immolation for 52 gold pieces
 32860 | Elf:1    | Bought a scroll of identify for 26 gold pieces
 33243 | Elf:2    | Reached XP level 20. HP: 160/179 MP: 31/31
 33531 | Elf:2    | Identified the +3 chain mail of the Buccaneer {rCorr}
 33830 | Elf:2    | Found a runed translucent gate.
 33831 | Elf:2    | Found a runed translucent gate.
 33831 | Elf:2    | Found a runed translucent gate.
 34063 | Elf:2    | HP: 5/180 [deep elf knight/+3 long sword (14)]
 34070 | Elf:2    | Slain by a +7 bardiche of holy wrath

Illustrated notes

Levels and vault maps discovered:
D:1:      lemuel_arrival_cross, layout_rooms, serial_forest,
          infiniplex_forest_straight_5, infiniplex_forest_lined_4_way,
          infiniplex_forest_lined_corner, infiniplex_forest_zigzag_1,
          infiniplex_forest_lined_3, infiniplex_forest_3_way,
          infiniplex_forest_clump_long, infiniplex_forest_lined_corner,
          minmay_large_rounded_square
D:2:      minmay_spotlight, layout_rooms, chequers_ecumenical_altar_island,
          serial_shops, nicolae_shop_hallway_stairs, nicolae_lakefront_shop,
          shop, shop, shop, minivault_23, st_stairs_12, minmay_pentomino_x4,
          uniq_robin
D:3:      layout_rooms, nicolae_overflow_hidden_temple,
          mainiacjoe_overflow_alcove_2, gammafunk_ghost_split
D:4:      layout_rooms, portal_sewer_entry_f
D:5:      layout_loops_ring, mainiacjoe_overflow_six_doors_small,
          minmay_temple_entry_poolview, st_stairs_3
D:6:      layout_gridville, uniq_menkaure
D:7:      layout_basic, marbit_many_paths, chequers_ossuary_entry_cave,
          enter_bailey_3, due_unseen_surprise, uniq_jeremiah
D:8:      layout_gridville, mainiacjoe_overflow_brackets,
          hellmonk_lair_entry_icy, minmay_shop_mayhem
D:9:      layout_big_octagon, mainiacjoe_overflow_paths,
          gammafunk_temple_overflow_elements, minitemple, orc_0_dummy,
          uniq_maurice
D:10:     nzn_motion_control, layout_gridville,
          amcnicky_mini_rare_corridor_liquid
D:11:     minmay_wavy_crystal, layout_small_grid, gammafunk_ghost_spectres,
          uniq_urug
D:12:     layout_rooms, enter_trove_2
D:13:     lemuel_troll_bridge, layout_loops_ring, david_vaults_1,
          ebering_ghost_xom, minivault_13, uniq_kirke
D:14:     layout_loops_ring, gammafunk_ghost_arena, nicolae_gozag_seed_capital
D:15:     gammafunk_depths_entry_grave, layout_long_grid,
          minmay_misc_feat_enclosed, lemuel_zombie_altar_kikubaaqudgha
Temple:   nicolae_temple_x_marks_the_god
Lair:1:   layout_chaotic_city, minmay_hedge_maze, nicolae_lair_lil_pond,
          infiniplex_staircase_pool, grunt_megastairs_1, uniq_gastronok
Lair:2:   layout_regular_city
Lair:3:   regret_index_malice_mire, layout_regular_city,
          alex1729_swamp_entry_worm_eleionoma,
          nicolae_spider_entry_tight_spaces, grunt_megastairs_3, uniq_sonja
Lair:4:   layout_regular_city, nicolae_lair_time_for_slime,
          serial_bayou_shore_a, lemuel_fruit_tree, lemuel_fruit_fields,
          uniq_josephine
Lair:5:   hangedman_lair_caniforms_friends, layout_small_grid, wormcave,
          nicolae_slime_entry_field_trip
Swamp:1:  layout_basic_swamp, nicolae_swamp_long_stream,
          cheibrodos_swamp_minitomb
Swamp:2:  layout_basic_swamp, infiniplex_staircase_pool_2
Swamp:3:  layout_basic_swamp, nicolae_swamp_triple_paths, swamp_pool_1_2,
          nicolae_swamp_tree_designs
Swamp:4:  swamp_alternative, layout_basic_swamp, swamp_pool_3, lightli_tree_ring
Spider:1: layout_spider_delve, uniq_louise
Spider:2: layout_spider_delve
Spider:3: layout_cave_pods
Spider:4: johnstein_spider_rune_arachne_lair, special_room [special_room_bee],
          hellmonk_deceptive_appearances, uniq_donald, uniq_arachne
Orc:1:    layout_caves
Orc:2:    st_orc_elflike, layout_caves, lightli_orcish_oven
Elf:1:    nicolae_elf_arrival_fired_up, layout_gridlike, serial_shops, shop,
          basic_altar, minmay_elf_sorcery, dreamdust_mushroom_princess,
          uniq_azrael
Elf:2:    nicolae_elf_blades_crystal_corner, layout_onion_city, minivault_23

Skill      XL: |  1  2  3  4  5  6  7  8  9 10 11 12 13 14 15 16 17 18 19 20 |
---------------+-------------------------------------------------------------+-----
Unarmed Combat | 3 4 5 6 8 9 12 14 16 17 18 | 18.0
Fighting       | 4 5 6 7 9 10 11 12 13 14 15 | 15.9
Evocations     | 3 5 8 9 |  9.3
Invocations    | 4 6 8 12 13 14 15 | 15.0
Armour         | 6 10 12 13 14 15 | 15.6
Shields        | 5 6 7 9 10 12 15 | 15.0
Throwing       | 2 |  2.0
Dodging        | 6 9 11 | 11.0

Action                     |  1- 3 |  4- 6 |  7- 9 | 10-12 | 13-15 | 16-18 | 19-21 || total
---------------------------+-------+-------+-------+-------+-------+-------+-------++-------
  Melee: Unarmed           |    52 |   184 |   276 |   283 |   803 |   959 |   373 ||  2930
         Punch             |       |       |       |       |       |     1 |       ||     1
  Throw: Dart              |       |       |       |     4 |       |     1 |       ||     5
         Boomerang         |       |       |       |     3 |       |       |       ||     3
 Invoke: Light the Black T |       |       |     5 |     6 |     6 |    11 |     2 ||    30
         Recall Undead Har |       |       |       |     3 |     1 |     4 |     2 ||    10
         Hurl Torchlight   |       |       |       |     2 |       |     1 |       ||     3
         Bind Soul         |       |       |       |       |     4 |     6 |     3 ||    13
         Fathomless Shackl |       |       |       |       |     1 |     4 |     1 ||     6
  Evoke: Sack of spiders   |       |       |     1 |     1 |     1 |     3 |       ||     6
         Wand              |       |       |       |    10 |     1 |     5 |     1 ||    17
         Tin of tremorston |       |       |       |     1 |     3 |     2 |     2 ||     8
         Phial of floods   |       |       |       |       |       |       |     1 ||     1
    Use: Scroll            |       |       |     6 |     5 |    12 |    16 |     6 ||    45
         Potion            |       |       |       |       |       |       |     1 ||     1
   Stab: Distracted        |       |       |     1 |     3 |    19 |    19 |     6 ||    48
         Paralysed         |       |       |       |     3 |     2 |       |       ||     5
         Petrifying        |       |       |       |       |     2 |       |       ||     2
         Confused          |       |       |       |       |       |     1 |       ||     1
         Held in net/web   |       |       |       |       |       |     1 |     1 ||     2
 Armour: Scale mail        |    26 |   156 |    81 |       |       |       |       ||   263
         Plate armour      |       |       |   128 |    10 |       |       |       ||   138
         Gold dragon scale |       |       |       |   338 |   855 |  1079 |   391 ||  2663
  Dodge: Dodged            |    19 |    81 |   110 |    63 |   173 |   236 |    89 ||   771
  Block: Buckler           |     1 |    41 |    62 |    56 |   168 |    28 |       ||   356
         Kite shield       |       |       |       |       |       |   446 |   232 ||   678
         Reflection        |       |       |       |       |       |    11 |    13 ||    24

Table legend: (Time is in decaauts)
 A = Elapsed time spent in this place.
 B = Non-inter-level travel time spent in this place.
 C = Inter-level travel time spent in this place.
 D = Time resting spent in this place.
 E = Time spent auto-exploring this place.
 F = Levels seen in this place.
 G = Mean time per level.
                   A        B        C        D        E       F      G
               +--------+--------+--------+--------+--------+-----+--------+
         Total |  33509 |  30380 |   3129 |    401 |  23283 |  36 |  930.8 |
       Dungeon |  15316 |  13183 |   2133 |    277 |  10452 |  15 | 1021.1 |
        Temple |      8 |      5 |      3 |      0 |      0 |   1 |    8.0 |
          Lair |   7272 |   6859 |    413 |      0 |   5502 |   5 | 1454.4 |
         Swamp |   2662 |   2477 |    185 |      0 |   1935 |   4 |  665.5 |
   Spider Nest |   3993 |   3746 |    247 |    124 |   2563 |   4 |  998.2 |
  Orcish Mines |   1437 |   1330 |    107 |      0 |   1049 |   2 |  718.5 |
   Elven Halls |   1715 |   1678 |     37 |      0 |   1198 |   2 |  857.5 |
         Sewer |    408 |    408 |      0 |      0 |    249 |   1 |  408.0 |
       Ossuary |    145 |    145 |      0 |      0 |      0 |   1 |  145.0 |
        Bailey |    549 |    549 |      0 |      0 |    334 |   1 |  549.0 |
               +--------+--------+--------+--------+--------+-----+--------+

Top non-repeatable levels by time:
  Lair:5: 1901 daAuts
    D:13: 1889 daAuts
  Lair:3: 1693 daAuts
  Lair:4: 1566 daAuts
Spider:4: 1508 daAuts
     D:2: 1261 daAuts
    D:10: 1222 daAuts
    D:11: 1219 daAuts
     D:7: 1152 daAuts
  Lair:1: 1122 daAuts
Spider:1: 1043 daAuts
  Lair:2: 988 daAuts
     D:5: 974 daAuts
     D:6: 951 daAuts
   Orc:2: 926 daAuts
